 Dungeon Crawl Stone Soup version 0.30-a0-1123-gabc949cf19 (webtiles) character file.

Game seed: 17319187770366057125

8295 Armakuni the Cruncher (level 11, -7/83 HPs)
             Began as a Human Artificer on Apr 22, 2023.
             Was an Initiate of Gozag.
             Killed from afar by a gargoyle (10 damage)
             ... with a stone arrow
             ... on level 9 of the Dungeon on Apr 23, 2023.
             The game lasted 00:31:20 (10794 turns).

Armakuni the Cruncher (Human Artificer)            Turns: 10794, Time: 00:31:20

Health: -7/83      AC: 11    Str: 13    XL:     11   Next: 53%
Magic:  11/11      EV: 12    Int: 16    God:    Gozag
Gold:   237        SH:  0    Dex: 13    Spells: 10/10 levels left

rFire   . . .        b - +5 quarterstaff (chaos)
rCold   . . .        (shield currently unavailable)
rNeg    . . .        i - +0 ring mail
rPois   +            n - +1 helmet
rElec   .            Q - +0 cloak
rCorr   .            H - +0 pair of gloves
SInv    .            (no boots)
Will    .....        (no amulet)
Stlth   +            P - ring of poison resistance
HPRegen 0.33/turn    L - ring of flight
MPRegen 0.12/turn

%: no passive effects
@: flying
A: no striking features
a: Renounce Religion, Potion Petition, Call Merchant, Bribe Branch


You were on level 9 of the Dungeon.
You worshipped Gozag.
Gozag was aware of your devotion.
You visited 3 branches of the dungeon, and saw 12 of its levels.
You also visited: Ossuary.

You collected 1172 gold pieces.
You spent 50 gold pieces at shops.
You paid 885 gold pieces to Gozag.

Inventory:

Hand Weapons
 a - a +3 whip of electrocution
 b - a +5 quarterstaff of chaos (weapon)
 e - a +0 sling
Missiles
 o - a throwing net
Armour
 i - a +0 ring mail (worn)
 n - a +1 helmet (worn)
 B - an orb of energy
 H - a +0 pair of gloves (worn)
 Q - a +0 cloak (worn)
Magical Staves
 D - a staff of air
Jewellery
 J - a ring of ice
 L - a ring of flight (right hand)
 N - a ring of positive energy
 P - a ring of poison resistance (left hand)
Wands
 j - a wand of polymorph (2)
 k - a wand of digging (4)
 p - a wand of paralysis (1)
 v - a wand of flame (9) (quivered)
 M - a wand of roots (16)
Scrolls
 f - a scroll of fear
 q - a scroll of teleportation
 r - 3 scrolls of amnesia
 s - 2 scrolls of poison
 y - 3 scrolls of butterflies
 C - a scroll of fog
 E - a scroll of noise
 F - 4 scrolls of enchant armour
 G - 7 scrolls of vulnerability
Potions
 d - 4 potions of curing
 g - 2 potions of haste
 h - a potion of lignification
 l - 2 potions of brilliance
 t - 3 potions of might
 w - 2 potions of resistance
 x - a potion of ambrosia {unknown}
 z - 4 potions of cancellation
 A - 2 potions of mutation
 I - a potion of attraction {unknown}


   Skills:
 - Level 6.4 Fighting
 - Level 3.0(8.6) Maces & Flails
 + Level 12.6(12.8) Staves
 - Level 6.0 Armour
 - Level 5.0 Dodging
 - Level 1.0 Stealth
 - Level 6.0 Evocations


You had 10 spell levels left.
You didn't know any spells.
Your spell library contained the following spells:

 Spells                   Type           Power      Damage    Failure   Level
 Kiss of Death            Conj/Necr      0%         2d5       45%         1
 Slow                     Hex            0%         N/A       45%         1
 Blink                    Tloc           0%         N/A       58%         2
 Cigotuvi's Dreadful Rot  Necr/Pois/Air  0%         N/A       58%         2
 Lesser Beckoning         Tloc           0%         N/A       58%         2
 Momentum Strike          Conj/Tloc      0%         3d8       58%         2
 Confusing Touch          Hex            0%         N/A       83%         3
 Ignite Poison            Fire/Tmut/Pois 0%         N/A       83%         3
 Ozocubu's Armour         Ice            0%         N/A       83%         3
 Spider Form              Tmut/Pois      0%         N/A       83%         3
 Vampiric Draining        Necr           0%         2d6       83%         3
 Volatile Blastmotes      Fire/Tloc      0%         2d10      83%         3
 Dispel Undead            Necr           0%         3d6       99%         4
 Fulminant Prism          Conj/Hex       0%         3d5       99%         4
 Iskenderun's Mystic Bla  Conj/Tloc      0%         2d3       99%         4
 Alistair's Intoxication  Tmut/Pois      0%         N/A       100%        5
 Lee's Rapid Deconstruct  Erth           0%         3d4*      100%        5
 Metabolic Englaciation   Hex/Ice        0%         N/A       100%        5
 Death Channel            Necr           0%         N/A       100%        6
 Statue Form              Tmut/Erth      0%         N/A       100%        6
 Haunt                    Necr/Summ      0%         N/A       100%        7
 Infestation              Necr           0%         N/A       100%        8
 Animate Dead             Necr           Unusable   N/A       N/A         4
 Simulacrum               Ice/Necr       Unusable   N/A       N/A         6

Dungeon Overview and Level Annotations

Branches:
Dungeon (10/15)            Temple (1/1) D:6            Lair (1/5) D:9
Ossuary (visited)
    Orc: D:9-12

Altars:
Ashenzari
Cheibriados
Dithmenos
Elyvilon
Fedhas
Gozag
Hepliaklqana
Makhleb
Nemelex Xobeh
Qazlal
Ru
Sif Muna
Trog
Uskayaw
Vehumet
Wu Jian
Xom
Yredelemnul
Zin
The Shining One

Shops:
D:6 !   D:9 [   Lair:1 [


Message History

Okay, then.
Unknown command.
Aiming: Paralyse
Press: ? - help, Shift-Dir - straight line, f - gargoyle
Aim: a gargoyle, wielding a +0 mace of holy wrath (chance to affect: 47%)
The gargoyle resists with some effort.
The gargoyle hits you with a +0 mace of holy wrath!
* * * LOW HITPOINT WARNING * * *
The shadow slips into darkness.
The shadow flickers and vanishes!
Deactivating autopickup; reactivate with Ctrl-A.
Okay, then.
You feel much better.
The gargoyle hits you with a +0 mace of holy wrath!
* * * LOW HITPOINT WARNING * * *
The shadow strikes at you from the darkness!
* * * LOW HITPOINT WARNING * * *
Reactivating autopickup.
Okay, then.
Unknown command.
Aiming: Paralyse
Press: ? - help, Shift-Dir - straight line, f/p - gargoyle
Aim: a gargoyle, wielding a +0 mace of holy wrath (chance to affect: 47%)
The gargoyle resists with some effort.
The gargoyle hurls a stone arrow at you.
The stone arrow misses you. The shadow closely misses you.
Aiming: Paralyse
Press: ? - help, Shift-Dir - straight line, f/p - gargoyle
Aim: a gargoyle, wielding a +0 mace of holy wrath (chance to affect: 47%)
The gargoyle resists with some effort.
The gargoyle hits you but does no damage.
The shadow hits you.
Aiming: Paralyse
Press: ? - help, Shift-Dir - straight line, f/p - gargoyle
Aim: a gargoyle, wielding a +0 mace of holy wrath (chance to affect: 47%)
The gargoyle resists with some effort.
The gargoyle hurls a stone arrow at you.
The stone arrow hits you!
You die...
Your body crumbles into a pile of gold.

##.#.........#.
##......#.....#
######..........#.##
##..................#
##....................
#..............#.....#
#...................##
#....W9..............#
#....@..........#...#.
#...............~.....
##...............#....
##................#....
#............#######...
#............# ##~.
#............# ###
##..........## #
##...##...##


You could see a gargoyle and a shadow.

Vanquished Creatures
  A centaur warrior (D:9)
  3 death yaks
  An ugly thing (D:9)
  Joseph (D:7)
  2 polar bears (D:9)
  A hornet (D:10)
  A wyvern (D:7)
  A wraith (Ossuary)
  2 yaks (D:9)
  4 steam dragons
  An acid dragon (D:8)
  Menkaure (D:7)
  4 ice beasts
  2 orc warriors
  3 black bears
  A phantom (D:4)
  2 centaurs (D:9)
  3 kobold brigands
  2 scorpions
  2 bullfrogs
  An elf skeleton (D:7)
  10 wights
  5 killer bees
  A howler monkey (D:5)
  2 human zombies
  A jelly (D:5)
  A hound (D:7)
  3 orc priests
  Crazy Yiuf (D:7)
  A sleepcap (D:8)
  3 human skeletons (D:7)
  6 iguanas
  6 orc wizards
  3 mummies (Ossuary)
  7 gnolls
  4 adders
  2 white imps (D:6)
  A worm (D:5)
  A dart slug (D:3)
  22 orcs
  2 endoplasms
  4 giant cockroaches
  8 goblins
  4 hobgoblins
  2 jackals (D:4)
  2 quokkas (D:3)
  6 ball pythons
  7 bats
  11 frilled lizards
  2 gnoll zombies (Ossuary)
  2 goblin zombies (Ossuary)
  6 hobgoblin zombies (Ossuary)
  18 kobolds
  3 kobold zombies (Ossuary)
  An orc skeleton (D:7)
  2 rats
199 creatures vanquished.

Vanquished Creatures (collateral kills)
  A yak (D:9)
  An ice beast (D:9)
  A jelly (D:6)
  An orc wizard (D:9)
  An orc (D:9)
  A kobold (D:9)
6 creatures vanquished.

Vanquished Creatures (others)
  A rime drake (D:9)
  3 yaks (D:9)
  An ice beast (D:9)
  4 killer bees
  A butterfly (D:3)
  2 fungi (D:7)
  6 plants (D:5)
18 creatures vanquished.

Grand Total: 223 creatures vanquished

Notes
Turn   | Place    | Note
-------+----------+-------------------------------------------
     0 | D:1      | Armakuni the Human Artificer began the quest for the Orb.
     0 | D:1      | Reached XP level 1. HP: 15/15 MP: 1/1
   121 | D:1      | Reached skill level 1 in Maces & Flails
   157 | D:1      | Reached XP level 2. HP: 17/21 MP: 2/2
   835 | D:1      | Reached XP level 3. HP: 28/28 MP: 3/3
  1265 | D:2      | Got the Encyclopedia of Virulence and the Tektite
  1382 | D:2      | Found a faded altar of an unknown god.
  2007 | D:3      | Reached XP level 4. HP: 35/35 MP: 4/4
  2055 | D:3      | Found a white marble altar of Elyvilon.
  2761 | D:3      | Identified the +3 hand axe of Uplifting Misery {flame,
                  | rElec rPois rC+}
  2888 | D:4      | Noticed a phantom
  2902 | D:4      | Killed a phantom
  2903 | D:4      | Reached XP level 5. HP: 23/41 MP: 5/5
  3288 | D:4      | Reached XP level 6. HP: 34/47 MP: 6/6
  3436 | D:4      | Reached skill level 5 in Evocations
  3443 | D:4      | Reached XP level 7. HP: 23/52 MP: 7/7
  3809 | D:5      | Entered Level 5 of the Dungeon
  4425 | D:5      | Reached XP level 8. HP: 43/61 MP: 8/8
  5088 | D:6      | You fall into a shaft and drop 3 floors!
  5099 | D:9      | Noticed a yak
  5101 | D:9      | Noticed a yak
  5101 | D:9      | Noticed a yak
  5251 | D:8      | Reached skill level 5 in Fighting
  5496 | D:8      | Reached skill level 5 in Dodging
  5628 | D:8      | Found a shimmering blue altar of Sif Muna.
  5825 | D:7      | Reached XP level 9. HP: 58/71 MP: 9/9
  5993 | D:7      | Noticed Joseph
  5997 | D:7      | Killed Joseph
  5998 | D:7      | Reached skill level 5 in Armour
  6156 | D:7      | Found a sand-covered staircase.
  6166 | Ossuary  | Entered an ossuary
  6321 | Ossuary  | Reached skill level 1 in Staves
  6423 | Ossuary  | Reached skill level 2 in Staves
  6686 | D:7      | Reached skill level 3 in Staves
  6922 | D:7      | Reached skill level 4 in Staves
  6930 | D:7      | Noticed Menkaure
  6934 | D:7      | Killed Menkaure
  7051 | D:7      | Found a runed translucent door.
  7052 | D:7      | Noticed Crazy Yiuf
  7059 | D:7      | Killed Crazy Yiuf
  7150 | D:8      | Reached skill level 5 in Staves
  7158 | D:8      | Reached XP level 10. HP: 70/76 MP: 10/10
  7295 | D:6      | Found Zaon's Distillery.
  7300 | D:6      | Bought a potion of heal wounds for 50 gold pieces
  7323 | D:6      | Reached skill level 6 in Staves
  7620 | D:6      | Found a glowing silver altar of Zin.
  7688 | D:6      | Found a staircase to the Ecumenical Temple.
  7897 | Temple   | Entered the Ecumenical Temple
  7994 | Temple   | Became a worshipper of Gozag Ym Sagoz the Greedy
  8146 | D:8      | Reached skill level 7 in Staves
  8543 | D:8      | Got Sif Muna's Vademecum on Sinister Words
  8907 | D:8      | Reached skill level 8 in Staves
  9508 | D:9      | Noticed a rime drake
  9556 | D:9      | Reached skill level 9 in Staves
  9757 | D:9      | Found a staircase to the Lair.
  9972 | D:9      | Noticed a centaur warrior
  9974 | D:9      | Noticed a purple ugly thing
  9978 | D:9      | Killed a centaur warrior
  9979 | D:9      | Reached skill level 10 in Staves
  9979 | D:9      | Reached XP level 11. HP: 44/83 MP: 11/11
  9994 | D:9      | Killed a purple ugly thing
  9996 | D:9      | Reached skill level 11 in Staves
 10304 | Lair:1   | Entered Level 1 of the Lair of Beasts
 10427 | Lair:1   | Noticed a death yak
 10427 | Lair:1   | Noticed a death yak
 10428 | Lair:1   | Noticed a death yak
 10430 | Lair:1   | Noticed a death yak
 10467 | Lair:1   | Killed a death yak
 10471 | Lair:1   | Killed a death yak
 10472 | Lair:1   | Reached skill level 12 in Staves
 10631 | Lair:1   | Noticed a death yak
 10631 | Lair:1   | Noticed a death yak
 10659 | D:9      | Killed a death yak
 10777 | D:10     | Entered Level 10 of the Dungeon
 10777 | D:10     | Found a broken altar of Ashenzari.
 10790 | D:9      | HP: 3/83 [gargoyle/+0 mace of holy wrath (17)]
 10794 | D:9      | Killed from afar by a gargoyle

Illustrated notes

Levels and vault maps discovered:
D:1:      nagdon_arrival_double_spiral, layout_loops_ring, nrook_campfire,
          wander_ebering_terrifying_dragon_lair
D:2:      layout_basic, shapermc_ecumenical_altar_notcrosses, skrybe_limestone_x
D:3:      layout_basic, nicolae_elyvilon_peaceful_grove
D:4:      layout_loops_ring, grunt_ministairs_9
D:5:      layout_basic, corexii_checkpoint_a, minmay_lizard_king
D:6:      layout_basic, zin_treasury, minmay_temple_entry_statues_pillars,
          serial_shops, shop
D:7:      layout_gridville, nicolae_ossuary_entry_catacombs, uniq_joseph,
          uniq_crazy_yiuf_cottage, uniq_menkaure
D:8:      layout_basic, led_sif_book
D:9:      layout_rooms, hellmonk_lair_entry_icy, minmay_chambers_of_fives
D:10:     layout_irregular_city, tgw_kikubaaqudgha,
          chequers_temple_overflow_statue_of_worship
Temple:   lightli_temple_of_artemis
Lair:1:   layout_concentric_octagons

Skill      XL: |  1  2  3  4  5  6  7  8  9 10 11 |
---------------+----------------------------------+-----
Maces & Flails | 1 3 |  3.0
Fighting       | 2 3 4 6 |  6.4
Evocations     | 4 5 6 |  6.0
Dodging        | 3 5 |  5.0
Armour         | 3 6 |  6.0
Staves         | 5 10 12 | 12.6
Stealth        | |  1.0

Action                     |  1- 3 |  4- 6 |  7- 9 | 10-12 || total
---------------------------+-------+-------+-------+-------++-------
  Melee: Whip              |   114 |    78 |   329 |   239 ||   760
         Club              |     7 |       |       |       ||     7
         Punch             |       |       |     7 |       ||     7
         Quarterstaff      |       |       |       |    11 ||    11
  Throw: Javelin           |     7 |       |       |       ||     7
         Dart              |     2 |       |       |       ||     2
 Invoke: Call Merchant     |       |       |       |     1 ||     1
  Evoke: Wand              |     3 |     8 |    25 |    29 ||    65
    Use: Scroll            |     6 |     5 |    12 |     6 ||    29
         Potion            |       |     1 |       |     5 ||     6
   Stab: Sleeping          |     2 |     1 |     1 |       ||     4
         Paralysed         |       |       |     5 |     7 ||    12
         Distracted        |       |       |       |     1 ||     1
         Betrayed ally     |       |       |       |     1 ||     1
 Armour: Leather armour    |    55 |    15 |    41 |       ||   111
         Ring mail         |       |       |    68 |   127 ||   195
         Skin              |       |       |       |     6 ||     6
  Dodge: Dodged            |    90 |    28 |   172 |   157 ||   447

Table legend: (Time is in decaauts)
 A = Elapsed time spent in this place.
 B = Non-inter-level travel time spent in this place.
 C = Inter-level travel time spent in this place.
 D = Time resting spent in this place.
 E = Time spent auto-exploring this place.
 F = Levels seen in this place.
 G = Mean time per level.
                   A        B        C        D        E       F      G
               +--------+--------+--------+--------+--------+-----+--------+
         Total |  10775 |  10362 |    413 |   2272 |   5805 |  13 |  828.8 |
       Dungeon |   9822 |   9426 |    396 |   2073 |   5273 |  10 |  982.2 |
        Temple |    114 |     99 |     15 |      0 |     79 |   1 |  114.0 |
          Lair |    340 |    340 |      0 |    124 |    142 |   1 |  340.0 |
       Ossuary |    497 |    497 |      0 |     75 |    311 |   1 |  497.0 |
               +--------+--------+--------+--------+--------+-----+--------+

Top non-repeatable levels by time:
     D:8: 1943 daAuts
     D:3: 1209 daAuts
     D:5: 1194 daAuts
     D:9: 1183 daAuts
     D:1: 1029 daAuts
     D:4: 941 daAuts
     D:7: 899 daAuts
     D:6: 738 daAuts
     D:2: 672 daAuts
 Ossuary: 497 daAuts
  Lair:1: 340 daAuts
  Temple: 114 daAuts
    D:10: 11 daAuts
